Map: Ruins of Endion

Players

Miszu

  • Race: Protoss Protoss
  • League: Master

IIIIIIIIIIII - Winner!

  • Race: Protoss Protoss
  • League: Master

VOD

Have the link to the VOD?

Description

Time

  • Played on: June 26, 2016, 8:14 a.m.
  • Length: 10:23
Show
View Real Time Build Order
Export as new Build Order

Miszu Protoss 

Build Orders:  

Get SALT Encoding   

  12  0:01  Probe (Chrono Boost)  
  13  0:11  Probe (Chrono Boost)  
  14  0:18  Pylon  
  14  0:22  Probe (Chrono Boost)  
  15  0:37  Probe (Chrono Boost)  
  15  0:38  Gateway  
  16  0:47  Assimilator, Probe (Chrono Boost)  
  17  0:58  Probe (Chrono Boost)  
  17  1:01  Gateway  
  18  1:08  Probe (Chrono Boost)  
  18  1:09  Assimilator  
  19  1:19  Probe (Chrono Boost)  
  20  1:25  Cybernetics Core  
  20  1:29  Probe (Chrono Boost)  
  21  1:36  Pylon  
  22  1:40  Probe (Chrono Boost)  
  22  2:02  Stalker x2  
  22  2:03  Warp Gate (Chrono Boost)  
  26  2:14  Pylon, Mothership Core (Chrono Boost)  
  28  2:31  Stalker  
  28  2:32  Stalker  
  32  3:01  Stalker  
  32  3:02  Stalker  
  34  3:31  Stalker  
  34  3:32  Stalker  
  38  3:34  Nexus  
  38  3:44  Probe  
  39  3:55  Pylon  
  39  4:08  Robotics Facility  
  39  4:09  Twilight Council  
  39  4:13  Probe (Chrono Boost)  
  40  4:21  Gateway  
  40  4:27  Pylon, Probe (Chrono Boost)  
  41  4:37  Probe (Chrono Boost)  
  42  4:41  Sentry  
  42  4:42  Sentry  
  46  4:46  Probe (Chrono Boost)  
  46  4:48  Probe (Chrono Boost)  
  48  4:53  Blink  
  48  4:57  Probe (Chrono Boost)  
  48  4:59  Probe (Chrono Boost)  
  50  5:07  Probe (Chrono Boost)  
  50  5:10  Probe (Chrono Boost)  
  50  5:13  Observer  
  53  5:18  Probe (Chrono Boost)  
  53  5:19  Assimilator  
  53  5:20  Probe (Chrono Boost)  
  53  5:21  Assimilator  
  55  5:29  Forge, Probe (Chrono Boost)  
  55  5:31  Probe (Chrono Boost)  
  57  5:39  Probe (Chrono Boost)  
  57  5:41  Probe (Chrono Boost)  
  59  5:46  Immortal (Chrono Boost)  
  59  5:49  Protoss Ground Weapons Level 1  
  64  5:50  Probe (Chrono Boost)  
  64  5:56  Probe (Chrono Boost)  
  65  6:00  Probe (Chrono Boost)  
  66  6:06  Probe (Chrono Boost)  
  66  6:11  Probe (Chrono Boost)  
  68  6:17  Probe (Chrono Boost)  
  69  6:21  Probe (Chrono Boost)  
  70  6:44  Pylon  
  70  6:48  Pylon  
  70  6:50  Nexus  
  70  6:51  Gateway  
  70  6:53  Gateway x2  
  70  6:58  Charge (Chrono Boost)  
  70  7:02  Immortal, Probe  
  70  7:05  Gateway  
  75  7:08  Pylon  
  75  7:09  Probe  
  75  7:15  Templar Archives  
  76  7:25  Gateway  
  76  7:26  Probe  
  76  7:28  Gateway, Probe  
  78  7:38  Protoss Ground Weapons Level 2, Probe  
  78  7:41  Probe  
  80  7:50  Probe  
  81  7:52  Immortal  
  81  7:53  Probe  
  86  8:03  High Templar x3, Probe  
  86  8:05  Probe  
  94  8:06  Zealot x2  
  94  8:08  Archon  
  94  8:15  Probe  
  93  8:20  Zealot  
  90  8:28  High Templar  
  90  8:29  High Templar  
  90  8:30  High Templar x2  
  90  8:34  Archon, Pylon  
  97  8:35  Archon  
  97  8:37  Pylon  
  97  8:38  Pylon  
  95  8:55  Zealot  
  95  8:56  High Templar x2  
  95  8:57  Zealot x2  
  95  9:00  Archon  
  105  9:04  Pylon  
  105  9:09  Zealot  
  69  9:31  Zealot  
  69  9:32  Zealot x6  
  69  9:35  High Templar  
  69  9:36  High Templar  
  81  9:40  Archon  
  81  9:42  Immortal  
  75  9:56  Zealot x4  
  75  9:59  Zealot  
  75  10:02  Zealot  
  75  10:06  Zealot  
  69  10:09  Zealot  
  63  10:17  Zealot  
Show
View Real Time Build Order
Export as new Build Order

IIIIIIIIIIII Protoss - Winner!

Build Orders:  

Get SALT Encoding   

  12  0:01  Probe (Chrono Boost)  
  13  0:11  Probe (Chrono Boost)  
  14  0:18  Pylon  
  14  0:23  Probe (Chrono Boost)  
  15  0:37  Probe (Chrono Boost)  
  16  0:47  Probe (Chrono Boost)  
  17  0:56  Gateway  
  17  0:58  Probe (Chrono Boost)  
  18  1:04  Assimilator  
  18  1:08  Probe (Chrono Boost), Assimilator  
  19  1:13  Gateway  
  19  1:19  Probe (Chrono Boost)  
  20  1:29  Probe (Chrono Boost)  
  22  1:40  Probe (Chrono Boost)  
  22  1:43  Cybernetics Core  
  22  1:49  Pylon  
  22  1:50  Probe (Chrono Boost)  
  23  2:07  Probe (Chrono Boost)  
  24  2:19  Stalker x2  
  24  2:21  Warp Gate, Mothership Core (Chrono Boost)  
  30  2:23  Pylon  
  30  2:39  Probe (Chrono Boost)  
  31  2:49  Stalker x2, Probe (Chrono Boost)  
  35  2:58  Pylon  
  31  3:43  Mothership Core (Chrono Boost)  
  33  3:50  Robotics Facility  
  35  3:57  Nexus, Pylon  
  35  4:01  Sentry x2  
  37  4:04  Pylon  
  37  4:09  Probe (Chrono Boost)  
  38  4:19  Probe (Chrono Boost)  
  39  4:25  Pylon  
  39  4:27  Sentry x2  
  39  4:30  Probe (Chrono Boost)  
  44  4:39  Observer  
  44  4:40  Probe (Chrono Boost)  
  46  4:51  Probe (Chrono Boost)  
  47  4:55  Pylon  
  47  5:01  Immortal, Probe (Chrono Boost)  
  47  5:06  Adept  
  54  5:08  Adept  
  54  5:12  Probe x2 (Chrono Boost)  
  58  5:23  Probe x2 (Chrono Boost)  
  60  5:33  Probe x2 (Chrono Boost)  
  62  5:40  Immortal  
  66  5:42  Stalker  
  66  5:43  Stalker  
  70  5:53  Pylon, Probe x2 (Chrono Boost)  
  72  6:04  Pylon  
  72  6:07  Stalker x2  
  76  6:11  Assimilator  
  76  6:16  Assimilator  
  76  6:24  Gateway  
  76  6:25  Gateway  
  76  6:27  Gateway  
  76  6:30  Gateway  
  78  6:33  Probe x2 (Chrono Boost)  
  78  6:41  Gateway  
  78  6:43  Probe x2 (Chrono Boost)  
  78  6:46  Pylon  
  80  6:51  Pylon  
  80  6:55  Sentry x2  
  80  7:01  Warp Prism  
  86  7:04  Probe (Chrono Boost)  
  87  7:23  Stalker x4  
  95  7:37  Stalker  
  95  7:38  Stalker x2  
  101  7:54  Stalker x4  
  105  8:27  Stalker x3  
  105  8:28  Stalker x4  
  119  8:53  Adept x3  
  125  8:58  Robotics Bay  
  125  9:00  Robotics Facility  
  125  9:03  Pylon  
  125  9:04  Pylon  
  125  9:06  Pylon  
  121  9:24  Adept x6  
  95  9:48  Adept x4  
  95  9:49  Adept x2  
Tags
 
Add a new tag
Caveats
  • Supply blocks, unpowered buildings, or Contaminate may cause inaccurate times.
  • Supply counts are checked every 10 seconds.